 Dungeon Crawl Stone Soup version 0.30-a0-122-g2a1322497e (webtiles) character file.

Game seed: 11712594247082505618

51 Colgate the Insei (level 3, 0/23 HPs)
             Began as an Octopode Transmuter on Sept 15, 2022.
             Slain by a bat (1 damage)
             ... on level 2 of the Dungeon.
             The game lasted 00:07:35 (2319 turns).

Colgate the Insei (Octopode Transmuter)             Turns: 2319, Time: 00:07:36

Health: 0/23       AC:  1    Str:  9    XL:     3   Next: 81%
Magic:  2/6        EV: 13    Int: 17    God:
Gold:   54         SH:  0    Dex: 12    Spells: 0/6 levels left

rFire   . . .      SeeInvis .      - Unarmed
rCold   . . .      Faith    +    (no shield)
rNeg    . . .      Spirit   .    (helmet restricted)
rPois   .          Reflect  .    d - amulet of faith
rElec   .          Harm     .    (no ring)
rCorr   .          Rampage  .    (no ring)
Will    .....                    (no ring)
Stlth   ++........               (no ring)
HPRegen 0.07/turn                (no ring)
MPRegen 0.10/turn                (no ring)
                                 (no ring)
                                 (no ring)

@: very slightly contaminated
A: almost no armour, amphibious, 8 rings, camouflage 1, gelatinous body 1,
(nimble swimmer 1), tentacles
a: no special abilities


You were on level 2 of the Dungeon.
You visited 1 branch of the dungeon, and saw 2 of its levels.

You collected 54 gold pieces.

Inventory:

Magical Staves
 b - a staff of air
Jewellery
 d - an amulet of faith (around mantle)
Scrolls
 c - a scroll of identify {unknown}
Potions
 a - a potion of lignification
 e - 3 potions of curing {unknown}
 f - a potion of haste {unknown}


   Skills:
 - Level 1.0 Fighting
 - Level 2.0 Dodging
 - Level 4.0 Unarmed Combat
 - Level 2.0 Spellcasting
 + Level 3.0 Transmutations


You couldn't memorise any spells.
You knew the following spells:

 Your Spells              Type           Power      Damage    Failure   Level
a - Beastly Appendage     Tmut           24%        N/A       5%          1
b - Wereblood             Tmut           12%        N/A       9%          2
c - Spider Form           Tmut/Pois      6%         N/A       30%         3

Your spell library contained the following spells:

 Spells                   Type           Power      Damage    Failure   Level
 Apportation              Tloc           2%         N/A       19%         1
 Ice Form                 Ice/Tmut       6%         N/A       71%         4
 Alistair's Intoxication  Tmut/Pois      4%         N/A       96%         5


Dungeon Overview and Level Annotations

Branches:
Dungeon (2/15)

Altars:

Annotations:
D:2 Terence


Innate Abilities, Weirdness & Mutations

You cannot wear most types of armour.
You are amphibious.
You can wear up to eight rings at the same time.
Your skin changes colour to match your surroundings (Stealth+).
Your rubbery body absorbs attacks. (AC +1, EV +1)
((You are camouflaged when in or above water. (Stealth+)))
You have tentacles for arms and can constrict up to eight enemies at once.


Message History

You howl as the wereblood boils in your veins!
You hear a shout!
Casting: Spider Form (extremely dangerous; 30% risk of failure)
You don't have enough magic to cast this spell.
Unknown command.
Terence zaps a wand.
The puff of flame hits you.
Things that are here:
a +0 dagger; a +0 robe; an adder corpse Terence zaps a wand.
The puff of flame hits you!
* * * LOW HITPOINT WARNING * * *
You howl as the wereblood boils in your veins!
Your primal bloodlust is almost over.
Terence zaps a wand.
The puff of flame hits you.
* * * LOW HITPOINT WARNING * * *
A bat comes into view.
The bat moves out of view.
Your primal bloodlust has ended.
The bat hits you.
* * * LOW HITPOINT WARNING * * *
The bat hits you.
* * * LOW HITPOINT WARNING * * *
You completely miss the bat. You grab the bat. You constrict the bat.
The bat closely misses you.
The bat escapes!
You miss the bat. Your grab misses the bat. The bat hits you.
* * * LOW HITPOINT WARNING * * *
The bat closely misses you.
You completely miss the bat. You grab the bat.
You tentacle-slap the bat, but do no damage.
You constrict the bat. The bat misses you.
The bat escapes!
Casting: Spider Form (extremely dangerous; 30% risk of failure)
You miscast Spider Form.
You are very lightly contaminated with residual magic.
Nothing appears to happen.
The bat barely misses you. The bat closely misses you.
You tentacle-slap the bat. You grab the bat.
You constrict the bat, but do no damage.
The bat hits you but does no damage. The bat closely misses you.
The bat escapes!
The bat hits you.
You die...

.############.........
.##........###...####
...#......#.##...#
....#....#..##...#
#....#..#...###.##
#.....##....# #.# #..# #..#
#.....##....# #.# #..#
#..#. #...###.#...# #b###
.###..# #..#. ..### #..#..#
#.@.##.. .... ..... .##
#...#.###.#....# #..###..##
.# #....##......#.#
#..#.#.... ##
#.....#......#.###..#.#..##
#...#..#.....#.............
#..#....#....#.###..###..##
#.#......#...#.#.#....#..#.
#.........##.#.#.#..###..##
############.#.............


You could see a bat.

Vanquished Creatures
  An adder (D:2)
  2 bats (D:1)
  3 endoplasms (D:1)
  5 goblins
  4 hobgoblins
  6 jackals
  2 quokkas
  5 ball pythons
  2 frilled lizards (D:1)
  4 kobolds
  3 rats
37 creatures vanquished.

Notes
Turn   | Place    | Note
-------+----------+-------------------------------------------
     0 | D:1      | Colgate the Octopode Transmuter began the quest for the
                  | Orb.
     0 | D:1      | Reached XP level 1. HP: 13/13 MP: 3/3
   340 | D:1      | Reached XP level 2. HP: 18/18 MP: 3/5
   343 | D:1      | Learned a level 2 spell: Wereblood
   644 | D:1      | Reached skill level 4 in Unarmed Combat
   713 | D:1      | Reached XP level 3. HP: 10/23 MP: 6/6
  1606 | D:1      | Learned a level 3 spell: Spider Form
  2277 | D:2      | Noticed Terence
  2309 | D:2      | HP: 1/23 [bat (1)]
  2319 | D:2      | Slain by a bat

Illustrated notes

Levels and vault maps discovered:
D:1:      elethiomel_arrival_infinity_welcomes_careful_drivers,
          layout_loops_corners, grunt_decor_junction
D:2:      layout_basic, serial_shops, shop, hangedman_decor_slide_cut,
          minmay_misc_feat_nine_boxes, grunt_decor_fettered,
          serial_bayou_lake_a, uniq_terence, uniq_robin

Skill      XL: |  1  2  3 |
---------------+----------+-----
Unarmed Combat | 4 |  4.0
Transmutations | 3 |  3.0
Fighting       | |  1.0
Dodging        | |  2.0
Spellcasting   | |  2.0

Action                   || total
-------------------------++-------
Melee: Unarmed           ||    67
       Constrict         ||    18
       Kick              ||    12
       Tentacles         ||    12
       Punch             ||     1
 Cast: Beastly Appendage ||    18
       Spider Form       ||     6
       Wereblood         ||     1
 Stab: Sleeping          ||     2
Armor: Skin              ||     5
Dodge: Dodged            ||    44

Table legend: (Time is in decaauts)
 A = Elapsed time spent in this place.
 B = Non-inter-level travel time spent in this place.
 C = Inter-level travel time spent in this place.
 D = Time resting spent in this place.
 E = Time spent auto-exploring this place.
 F = Levels seen in this place.
 G = Mean time per level.
                   A        B        C        D        E       F      G
               +--------+--------+--------+--------+--------+-----+--------+
         Total |   2314 |   2294 |     20 |     53 |   1965 |   2 | 1157.0 |
       Dungeon |   2314 |   2294 |     20 |     53 |   1965 |   2 | 1157.0 |
               +--------+--------+--------+--------+--------+-----+--------+

Top non-repeatable levels by time:
     D:1: 1621 daAuts
     D:2: 692 daAuts
